 Dungeon Crawl Stone Soup version 0.26-a0-665-gefeb406119 (webtiles) character file.

Game seed: 9913425259424703842

143 lunkers the Cutter (level 5, -8/33 HPs)
             Began as a Kobold Fighter on Oct 15, 2020.
             Was an Initiate of Ru.
             Mangled by an ice beast (14 damage)
             ... on level 6 of the Dungeon.
             The game lasted 00:04:55 (3656 turns).

lunkers the Cutter (Kobold Fighter)                 Turns: 3656, Time: 00:04:56

Health: -8/33      AC:  7    Str: 14    XL:     5   Next: 50%
Magic:  5/5        EV:  9    Int:  9    God:    Ru [......]
Gold:   115        SH:  9    Dex: 15    Spells: 4/4 levels left

rFire    . . .     SeeInvis .   a - +0 rapier
rCold    . . .     Faith    .   c - +0 kite shield
rNeg     . . .     Spirit   .   b - +0 scale mail
rPois    .         Reflect  .   (no helmet)
rElec    .         Harm     .   k - +0 cloak (curse)
rCorr    .         Rampage  .   (no gloves)
MR       .....                  (no boots)
Stlth    ++........             (no amulet)
HPRegen  0.11/turn              u - ring of flight
MPRegen  0.09/turn              (no ring)

@: no status effects
A: small, nightstalker 3
a: Renounce Religion, Evoke Flight


You were on level 6 of the Dungeon.
You worshipped Ru.
Ru was noncommittal.
You visited 2 branches of the dungeon, and saw 5 of its levels.

You collected 115 gold pieces.

Inventory:

Hand Weapons
 a - a +0 rapier (weapon)
Missiles
 j - 31 poisoned darts (quivered)
 s - 3 boomerangs
Armour
 b - a +0 scale mail (worn)
 c - a +0 kite shield (worn)
 k - a cursed +0 cloak (worn)
Jewellery
 u - a ring of flight (left hand)
Wands
 w - a wand of paralysis (7)
 y - a wand of digging (6)
Scrolls
 e - 4 scrolls of identify {unknown}
 i - 3 scrolls of immolation {unknown}
 m - a scroll of remove curse {unknown}
 o - a scroll of amnesia {unknown}
 p - a scroll of teleportation {unknown}
 r - 2 scrolls of enchant weapon {unknown}
 t - a scroll of noise {unknown}
 v - 2 scrolls of enchant armour {unknown}
Potions
 d - a potion of might
 f - 3 potions of curing {unknown}
 g - a potion of flight {unknown}
 h - a potion of mutation {unknown}
 l - 3 potions of heal wounds {unknown}
 n - 3 potions of lignification {unknown}
 q - a potion of haste {unknown}
 x - a potion of brilliance {unknown}
 z - a potion of cancellation {unknown}
 A - a potion of stabbing {unknown}
 B - a potion of berserk rage {unknown}


   Skills:
 + Level 3.9 Fighting
 * Level 4.6 Short Blades
 - Level 2.4 Armour
 + Level 2.1 Dodging
 - Level 1.9 Stealth
 + Level 2.9 Shields
 + Level 1.2 Evocations


You had 4 spell levels left.
You didn't know any spells.
Your spell library contained the following spells:

 Spells                   Type           Power        Failure   Level
 Corona                   Hex            #......      100%        1
 Ensorcelled Hibernation  Hex/Ice        #.....       100%        2
 Confusing Touch          Hex            #.......     100%        3
 Dazzling Flash           Conj/Hex       #.....       100%        3
 Tukima's Dance           Hex            #.......     100%        3


Dungeon Overview and Level Annotations

Branches:
Dungeon (6/15)             Temple (1/1) D:6

Altars:
Ashenzari
Cheibriados
Elyvilon
Fedhas
Gozag
Hepliaklqana
Kikubaaqudgha
Makhleb
Nemelex Xobeh
Okawaru
Ru
Sif Muna
Trog
Uskayaw
Vehumet
Wu Jian
Yredelemnul
Zin
The Shining One

Annotations:
D:3 3 runed translucent doors, robertstho's ghost, amateur MfFi


Innate Abilities, Weirdness & Mutations

You are small and have problems with some larger weapons.
You are completely attuned to the shadows.


Message History

The ice beast is moderately wounded.
The ice beast hits you but does no damage.
You hit the ice beast.
The ice beast is moderately wounded.
The ice beast hits you.
* * * LOW HITPOINT WARNING * * *
The ice beast freezes you!
* * * LOW HITPOINT WARNING * * *
You completely miss the ice beast.
The ice beast is moderately wounded.
You block the ice beast's attack.
You barely miss the ice beast.
The ice beast is moderately wounded.
The ice beast completely misses you.
You puncture the ice beast!
The ice beast is severely wounded.
The ice beast hits you.
* * * LOW HITPOINT WARNING * * *
The ice beast freezes you!
You die...

..#########
........©...
...........#
..##.......#
..##......####
...
..#####..##...
#.# ..
###....# #.# #
#.....### #Y#
#..###...###@#
..#
###._##.### ##
##........
#####........
.............
#####........
######..


You could see an ice beast.

Vanquished Creatures
  A howler monkey (D:3)
  A centaur skeleton (D:6)
  An adder (D:2)
  An ufetubus (D:6)
  An ooze (D:2)
  A worm (D:3)
  A dart slug (D:2)
  An orc (D:3)
  A ball python (D:3)
  9 bats
  3 goblins
  6 hobgoblins
  4 jackals (D:1)
  10 kobolds
  3 quokkas
  2 frilled lizards
  A quokka zombie (D:3)
  6 rats
53 creatures vanquished.

Notes
Turn   | Place    | Note
-------+----------+-------------------------------------------
     0 | D:1      | lunkers the Kobold Fighter began the quest for the Orb.
     0 | D:1      | Reached XP level 1. HP: 14/14 MP: 1/1
   247 | D:1      | Reached skill level 3 in Short Blades
   249 | D:1      | Reached XP level 2. HP: 19/19 MP: 2/2
   640 | D:1      | Reached skill level 1 in Stealth
   892 | D:1      | Reached XP level 3. HP: 23/23 MP: 3/3
   946 | D:1      | Reached skill level 1 in Dodging
  1265 | D:2      | Found a faded altar of an unknown god.
  2182 | D:2      | Found a glowing golden altar of the Shining One.
  2284 | D:2      | Reached XP level 4. HP: 28/28 MP: 4/4
  2296 | D:2      | Found a shimmering blue altar of Sif Muna.
  2500 | D:3      | Found a runed translucent gate.
  2520 | D:3      | Reached skill level 4 in Short Blades
  2548 | D:3      | Reached XP level 5. HP: 17/33 MP: 5/5
  2956 | D:3      | Reached skill level 1 in Evocations
  3070 | D:3      | Found a runed translucent gate.
  3070 | D:3      | Noticed robertstho's ghost (amateur MfFi)
  3071 | D:3      | Found a runed translucent gate.
  3169 | D:3      | You fall into a shaft and drop 3 floors!
  3217 | D:6      | Found a staircase to the Ecumenical Temple.
  3255 | Temple   | Entered the Ecumenical Temple
  3559 | Temple   | Became a worshipper of Ru the Awakened
  3638 | D:6      | Found an opulent altar of Gozag.
  3648 | D:6      | Noticed an ice beast
  3656 | D:6      | Mangled by an ice beast

Illustrated notes

Levels and vault maps discovered:
D:1:      heliophobic_arrival_dark_side_of_the_moon, layout_basic
D:2:      layout_loops_ring, lemuel_crystal_altar, marbit_many_paths,
          chequers_ecumenical_altar_grove
D:3:      layout_basic, gammafunk_ghost_split
D:6:      layout_rooms, overflow_temple_1_default, minmay_temple_entry_ruins,
          gammafunk_ghost_hive, minmay_misc_feat_alley,
          grunt_dithmenos_smoke_and_mirrors
Temple:   nicolae_temple_elliptical

Skill      XL: |  1  2  3  4  5 |
---------------+----------------+-----
Short Blades   | 3 4 |  4.6
Stealth        | 1 |  1.9
Dodging        | 1 2 |  2.1
Evocations     | 1 |  1.2
Fighting       | |  3.9
Armour         | |  2.4
Shields        | |  2.9

Action                   |  1- 3 |  4- 6 || total
-------------------------+-------+-------++-------
Melee: Rapier            |    89 |   112 ||   201
Throw: Dart              |    19 |    14 ||    33
Armor: Scale mail        |    37 |    44 ||    81
Dodge: Dodged            |    26 |    41 ||    67
Block: Kite shield       |    34 |    60 ||    94

Table legend: (Time is in decaauts)
 A = Elapsed time spent in this place.
 B = Non-inter-level travel time spent in this place.
 C = Inter-level travel time spent in this place.
 D = Time resting spent in this place.
 E = Time spent auto-exploring this place.
 F = Levels seen in this place.
 G = Mean time per level.
                   A        B        C        D        E       F      G
               +--------+--------+--------+--------+--------+-----+--------+
         Total |   3675 |   3551 |    124 |      3 |   3101 |   5 |  735.0 |
       Dungeon |   3350 |   3253 |     97 |      3 |   2805 |   4 |  837.5 |
        Temple |    324 |    297 |     27 |      0 |    296 |   1 |  324.0 |
               +--------+--------+--------+--------+--------+-----+--------+

Top non-repeatable levels by time:
     D:1: 1249 daAuts
     D:2: 1198 daAuts
     D:3: 739 daAuts
  Temple: 324 daAuts
     D:6: 163 daAuts
